 Dungeon Crawl Stone Soup version 0.32-a0-814-g0968bab (webtiles) character file.

Game seed: 12017676544600204271

538 luble the Slasher (level 7, -1/55 HPs)
             Began as a Coglin Gladiator on Mar 22, 2024.
             Killed by nerve-wracking pain
             ... invoked by an orc priest
              (13 damage)
             ... on level 5 of the Dungeon.
             The game lasted 00:09:21 (3135 turns).

luble the Slasher (Coglin Gladiator)                Turns: 3135, Time: 00:09:21

Health: -1/55      AC:  6    Str: 14    XL:     7   Next: 26%
Magic:  7/7        EV: 13    Int:  7    God:
Gold:   259        SH:  0    Dex: 18    Spells: 6/6 levels left

rFire   + . .        j - +4 dagger (venom) {Nittaya}
rCold   + . .        o - +2 dagger (venom) {Kanehira}
rNeg    . . .        b - +2 robe {rC+ rF+}
rPois   .            c - +0 helmet
rElec   .            (no cloak)
rCorr   .            (no gloves)
SInv    .            t - +0 pair of boots
Will    .....        (amulet unavailable)
Stlth   ++           (ring unavailable)
HPRegen 0.29/turn    (ring unavailable)
MPRegen 0.10/turn    (no gizmo)

%: no passive effects
@: attractive, hasted, revving, very quick
A: off-hand wielding, slow wielding, warmup strikes, no jewellery
a: Invent Gizmo, Convert to Beogh


You were on level 5 of the Dungeon.
You visited 1 branch of the dungeon, and saw 5 of its levels.

You collected 259 gold pieces.

Inventory:

Hand Weapons
 a - a +0 long sword {Cuahtemoc}
 j - a +4 dagger of venom (weapon) {Nittaya}
 o - a +2 dagger of venom (offhand) {Kanehira}
Missiles
 d - 2 throwing nets (quivered) {!f}
 e - a javelin
Armour
 b - a +2 robe of resistance (worn)
 c - a +0 helmet (worn)
 k - a +2 leather armour of cold resistance
 t - a +0 pair of boots (worn)
Scrolls
 f - 2 scrolls of teleportation {unknown}
 g - 3 scrolls of identify {unknown}
 m - a scroll of immolation {unknown}
 n - a scroll of noise {unknown}
 p - 2 scrolls of blinking {unknown}
 u - a scroll of vulnerability {unknown}
Potions
 i - 2 potions of curing
 r - a potion of heal wounds {unknown}
 s - a potion of berserk rage {unknown}


   Skills:
 + Level 4.5 Fighting
 + Level 5.1 Long Blades
 - Level 2.4 Throwing
 + Level 4.6 Dodging


You had 6 spell levels left.
You didn't know any spells.
Your spell library contained the following spells:

 Spells                   Type           Power      Damage    Failure   Level
 Apportation              Tloc           0%         N/A       43%         1
 Necrotise                Necr           0%         1d4       43%         1
 Sting                    Conj/Alch      0%         1d3       43%         1
 Summon Small Mammal      Summ           0%         N/A       43%         1


Dungeon Overview and Level Annotations

Branches:
Dungeon (5/15)             Temple (0/1) D:5

Altars:
Fedhas
Gozag
Kikubaaqudgha
Sif Muna
Vehumet
Wu Jian

Shops:
D:3 =

Annotations:
D:5 Grinder


Innate Abilities, Weirdness & Mutations

You can wield a second weapon in your off-hand.
It takes a long time for you to wield or remove held weapons.
Your first few attacks do less damage.
You cannot equip rings or amulets.


Message History

The orc priest hits you but does no damage.
Grinder hits you but does no damage. The orc priest completely misses you.
Grinder hits you.
* * * LOW HITPOINT WARNING * * *
You writhe in agony.
* * * LOW HITPOINT WARNING * * *
You can move again.
You feel better.
The orc priest calls down the wrath of Beogh upon you.
Pain shoots through your body!
* * * LOW HITPOINT WARNING * * *
Grinder gestures at you.
You shrug off the repeated paralysis!
It was a potion of haste.
You feel yourself speed up.
The orc priest miscasts a cantrip.
Grinder says, "My boss said I was rubbish.
His entrails said otherwise."
Grinder misses you.
You hit the orc priest with your +2 dagger of venom.
The orc priest is lightly wounded.
You closely miss the orc priest with your +4 dagger of venom.
The orc priest completely misses you.
You closely miss the orc priest with your +4 dagger of venom.
The orc priest threatens, "Beogh's wrath is as vast as their mercy.
Make your choice!"
The orc priest is lightly wounded.
The orc priest shouts, "The Pantheon deserves no one's loyalty.
Let us show you the true path!"
You hit the orc priest with your +2 dagger of venom.
The orc priest is poisoned.
Grinder rolls her eyes.
Grinder gestures at you. Pain shoots through your body!
* * * LOW HITPOINT WARNING * * *
The orc priest shouts, "Beogh offers mercy even to people such as you.
Join us and be reborn!"
The orc priest barely misses you.
It was a potion of magic.
Magic courses through your body.
It was a potion of attraction.
You feel attractive to monsters. Grinder completely misses you.
The orc priest invokes the aid of Beogh against you.
Pain shoots through your body!
You die...

#.# #.# ##.#. .#.#..# .
#<# #.# .....# .#....#.#
#.#####.# #.##..##....#..#
#.......# #........>....
####.##.# #.#...#....# .
####.##.# #.##.#....# .#.#
........#####
#.##.#..#.#....#
####........#
#5##..##...#...
########.####@###........#
#.....o(.............
######.#####...#####.# #.#
#...# . #.# ##$## #.# #.#
#.# .#. #.# #. #.# #


You could see Grinder and an orc priest (very poisoned).

Vanquished Creatures
  Sigmund (D:3)
  An ice beast (D:3)
  A scorpion (D:4)
  A hound (D:4)
  2 iguanas (D:4)
  Robin (D:3)
  5 adders
  2 ribbon worms (D:2)
  3 dart slugs
  4 ball pythons
  8 endoplasms
  3 giant cockroaches
  5 hobgoblins
  2 jackals (D:3)
  5 quokkas
  6 bats
  5 frilled lizards
  9 goblins
  8 kobolds
  8 rats
80 creatures vanquished.

Notes
Turn   | Place    | Note
-------+----------+-------------------------------------------
     0 | D:1      | luble the Coglin Gladiator began the quest for the Orb.
     0 | D:1      | Reached XP level 1. HP: 16/16 MP: 1/1
   177 | D:1      | Reached XP level 2. HP: 22/22 MP: 2/2
   204 | D:1      | Found a faded altar of an unknown god.
   762 | D:1      | Reached XP level 3. HP: 27/28 MP: 3/3
  1001 | D:2      | Reached XP level 4. HP: 34/34 MP: 4/4
  1488 | D:3      | Found Paji's Jewellery Boutique.
  1496 | D:3      | Noticed an ice beast
  1752 | D:3      | Noticed Robin
  1757 | D:3      | Reached XP level 5. HP: 41/41 MP: 5/5
  1760 | D:3      | Killed Robin
  1766 | D:3      | Reached skill level 4 in Long Blades
  1814 | D:3      | Found a shimmering blue altar of Sif Muna.
  1914 | D:3      | Killed an ice beast
  1915 | D:3      | Reached XP level 6. HP: 47/47 MP: 6/6
  2098 | D:3      | Noticed Sigmund
  2119 | D:3      | Killed Sigmund
  2531 | D:4      | Found an opulent altar of Gozag.
  2531 | D:4      | Found an ornate altar of the Wu Jian Council.
  2533 | D:4      | Found an ancient bone altar of Kikubaaqudgha.
  2533 | D:4      | Found a radiant altar of Vehumet.
  2603 | D:4      | Reached skill level 5 in Long Blades
  2603 | D:4      | Reached XP level 7. HP: 49/55 MP: 7/7
  2764 | D:4      | Found a blossoming altar of Fedhas.
  3050 | D:5      | Entered Level 5 of the Dungeon
  3077 | D:5      | Found a staircase to the Ecumenical Temple.
  3079 | D:5      | Noticed Grinder
  3113 | D:5      | Paralysed by Grinder for 5 turns
  3125 | D:5      | Paralysed by Grinder for 4 turns
  3135 | D:5      | Killed from afar by an orc priest

Illustrated notes

Levels and vault maps discovered:
D:1:      ebering_trefoil_3fold, layout_basic,
          shapermc_ecumenical_altar_mp_highgroup, minmay_liquid_box,
          minmay_misc_feat_columns
D:2:      layout_rooms
D:3:      layout_loops_ring, led_sif_pool, serial_shops,
          nicolae_shop_gaudy_bauble, minivault_24, uniq_sigmund, uniq_robin
D:4:      layout_loops_ring, fedhas_altar_3, mainiacjoe_overflow_alcove_3
D:5:      layout_loops_ring, bloody_makhleb, minmay_temple_entry_mini_moons,
          gup_sewer_entry_pipe, small_statue_intersection,
          amcnicky_mini_corridor_feature, kennysheep_small_circle, uniq_grinder

Skill      XL: |  1  2  3  4  5  6 |
---------------+-------------------+-----
Throwing       | 2 |  2.4
Dodging        | 3 4 |  4.6
Fighting       | 3 4 |  4.5
Long Blades    | 4 5 |  5.1

Action                     |  1- 3 |  4- 6 |  7- 9 || total
---------------------------+-------+-------+-------++-------
  Melee: Long sword        |    56 |     2 |       ||    58
         Dagger            |    42 |   132 |    39 ||   213
  Throw: Throwing net      |       |     4 |     1 ||     5
    Use: Potion            |       |       |     6 ||     6
   Stab: Sleeping          |     2 |     2 |     1 ||     5
         Held in net/web   |       |     3 |       ||     3
 Armour: Leather armour    |    31 |    23 |       ||    54
         Robe              |       |     9 |    13 ||    22
  Dodge: Dodged            |    36 |    39 |    16 ||    91

Table legend: (Time is in decaauts)
 A = Elapsed time spent in this place.
 B = Non-inter-level travel time spent in this place.
 C = Inter-level travel time spent in this place.
 D = Time resting spent in this place.
 E = Time spent auto-exploring this place.
 F = Levels seen in this place.
 G = Mean time per level.
                   A        B        C        D        E       F      G
               +--------+--------+--------+--------+--------+-----+--------+
         Total |   3128 |   3034 |     94 |    108 |   2024 |   5 |  625.6 |
       Dungeon |   3128 |   3034 |     94 |    108 |   2024 |   5 |  625.6 |
               +--------+--------+--------+--------+--------+-----+--------+

Top non-repeatable levels by time:
     D:1: 851 daAuts
     D:3: 801 daAuts
     D:4: 761 daAuts
     D:2: 632 daAuts
     D:5: 82 daAuts
